[Event "*** Titled Tuesday Blitz"]
[Site "Chess.com"]
[Date "2021.03.30"]
[Round "6"]
[White "bsnsun"]
[Black "DanielTitichoca"]
[Result "1-0"]
[WhiteElo "2481"]
[BlackElo "2287"]
[TimeControl "180+1"]
[EndTime "11:04:59 PDT"]
[Termination "bsnsun won by resignation"]

1. d4 Nf6 2. c4 b6 3. g3 Bb7 4.
Nf3 e6 5. Bg2 c5 6. d5 b5 7.
dxe6 fxe6 8. cxb5 d5 9. O-O Nbd7 10. a4 a6 11. bxa6 Bxa6 12. b3 Bd6 13. Bb2 O-O 14.
Nbd2 e5 15. Re1 e4 16. Ng5 Qe8 17. Ndxe4 Be5 18. Nxf6+ Nxf6 19. Bxd5+ Kh8 20. Bxe5 Qxe5 21. Bxa8 Qxg5 22. Bg2 Ng4 23. f4 Qh6 24. h3 Ne3 25. Qd2 Nxg2 26. Kxg2 Bb7+ 27. Kh2 g5 28. Qc3+ Kg8 29.
Qc4+ Kh8 30. e3 Qc6 31. Qc3+ Kg8 32. e4 gxf4 33. gxf4 Rxf4 34. Qg3+ Kf7 35. Qxf4+ Ke8 36. Rad1 1-0

[Event "*** Titled Tuesday Blitz"]
[Site "Chess.com"]
[Date "2021.03.30"]
[Round "6"]
[White "tptagain"]
[Black "A-Fier"]
[Result "1-0"]
[WhiteElo "2827"]
[BlackElo "2669"]
[TimeControl "180+1"]
[EndTime "11:05:01 PDT"]
[Termination "tptagain won by resignation"]

1. Nf3 Nf6 2. b3 g6 3. Bb2 Bg7 4. g3 O-O 5. Bg2 c5 6. c4 Nc6 7. O-O d6 8. d4 cxd4 9. Nxd4 Bd7 10. Nc3 Rc8 11. Nxc6 Bxc6 12. Bxc6 bxc6 13. Qd3 Nd7 14. Qc2 Qa5 15. Na4 Bxb2 16. Nxb2 Qh5 17. Rfd1 Ne5 18. f3 c5 19. Nd3 Nc6 20. Nf4 Qe5 21. Kf2 a5 22. e3 Ra8 23. Nd5 a4 24. bxa4 Ra7 25.
Rab1 Rfa8 26. Nc3 Qe6 27. Qe2 Ne5 28. Rd5 Qh3 29. Kg1 h5 30. f4 Nc6 31. Rd2 Qe6 32. Rdb2 Kh7 33. Rb7 Nb4 34. Rxa7 Rxa7 35. a3 Nc6 36.
Qd3 Na5 37. Nd5 Nc6 38. Rb6 Qd7 39. Qb3 h4 40. Kg2 h3+ 41. Kf3 e5 42. Nf6+ 1-0

[Event "*** Titled Tuesday Blitz"]
[Site "Chess.com"]
[Date "2021.03.30"]
[Round "6"]
[White "korkmaz16"]
[Black "nicolochessit"]
[Result "1-0"]
[WhiteElo "2480"]
[BlackElo "2258"]
[TimeControl "180+1"]
[EndTime "11:05:01 PDT"]
[Termination "korkmaz16 won by resignation"]

1. e4 c6 2. d4 d5 3. e5 c5 4. dxc5 e6 5. Be3 Nd7 6. Bb5 Ne7 7. Nf3 Nc6 8. Bxc6 bxc6 9. b4 a5 10. c3 axb4 11. cxb4 Ba6 12. Nc3 Qc7 13. Bd4 Rb8 14.
a3 Be7 15. Ne2 O-O 16. O-O f6 17. exf6 Bxf6 18. Re1 Bxe2 19. Qxe2 Bxd4 20. Nxd4 e5 21. Ne6 Qa7 22. Nxf8 Rxf8 23. Qg4 Nf6 24. Qe6+ Kh8 25. Qxc6 Qf7 26. Rxe5 Ne4 27. f3 Nd2 28. Qxd5 Qf4 29.
Rd1 Qe3+ 30. Rxe3 1-0

[Event "*** Titled Tuesday Blitz"]
[Site "Chess.com"]
[Date "2021.03.30"]
[Round "6"]
[White "petincash"]
[Black "scandalgod"]
[Result "0-1"]
[WhiteElo "2284"]
[BlackElo "2453"]
[TimeControl "180+1"]
[EndTime "11:05:02 PDT"]
[Termination "scandalgod won by checkmate"]

1. e4 e5 2. Nf3 Nc6 3. Bb5 a6 4. Ba4 d6 5. c3 f5 6. exf5 Bxf5 7.
O-O Bd3 8. Re1 Be7 9. Bc2 Bxc2 10. Qxc2 Nf6 11. d4 e4 12. Ng5 d5 13. Qb3 Qd7 14.
Nd2 h6 15. Nh3 O-O-O 16. Nf1 g5 17. Be3 Kb8 18. Rad1 Rhf8 19. c4 Na5 20. Qc3 Nxc4 21. b3 Nd6 22. a4 Nh5 23. Ng3 Nf4 24. Bxf4 gxf4 25. Nh5 f3 26. N3f4 Qf5 27. g3 Bg5 28.
Ng7 Qf7 29. Nfe6 Rd7 30. Nxf8 Qxf8 31. Ne6 Qf5 32. Nxg5 hxg5 33. Kh1 Rh7 34. h4 Qh3+ 35. Kg1 Qg2# 0-1

[Event "*** Titled Tuesday Blitz"]
[Site "Chess.com"]
[Date "2021.03.30"]
[Round "6"]
[White "Chessbard1972"]
[Black "kikydu96"]
[Result "0-1"]
[WhiteElo "2228"]
[BlackElo "2475"]
[TimeControl "180+1"]
[EndTime "11:05:02 PDT"]
[Termination "kikydu96 won on time"]

1. e4 c5 2. Nc3 a6 3. a4 Nc6 4.
f4 e6 5. Bc4 Nge7 6. e5 Nf5 7.
Ne4 d5 8. exd6 Nxd6 9. Nxd6+ Bxd6 10. d3 O-O 11. Ne2 Qh4+ 12. g3 Qh3 13. Kf2 e5 14.
Ng1 Qf5 15. Ne2 exf4 16. gxf4 Re8 17. Ng3 Qf6 18. Kg2 Qh4 19. f5 Nd4 20. Rf1 Bd7 21. c3 Re2+ 22. Qxe2 Nxe2 23. Nxe2 Bc6+ 0-1

[Event "*** Titled Tuesday Blitz"]
[Site "Chess.com"]
[Date "2021.03.30"]
[Round "6"]
[White "steka121"]
[Black "mishanick"]
[Result "1-0"]
[WhiteElo "2414"]
[BlackElo "2937"]
[TimeControl "180+1"]
[EndTime "11:05:08 PDT"]
[Termination "steka121 won by checkmate"]

1. e4 c5 2. b3 Nc6 3. Bb2 Nf6 4.
e5 Nd5 5. Nf3 g6 6. Ng5 e6 7.
Ne4 b6 8. c4 Nf4 9. Nf6+ Ke7 10. Qf3 g5 11. h4 Ng6 12. hxg5 Bg7 13. d4 Qc7 14. d5 Ncxe5 15. Qg3 Bb7 16. Nc3 d6 17.
O-O-O Rad8 18. f4 Nd7 19. Nb5 Qb8 20. dxe6 fxe6 21. Nxd6 Nxf6 22. gxf6+ Bxf6 23. Bxf6+ Kxf6 24. Qc3+ e5 25. fxe5+ Ke7 26. Qg3 Rdf8 27. Bd3 Nf4 28. Qg7+ Kd8 29. Nxb7+ Kc8 30. Bf5+ Rxf5 31. Qd7# 1-0

[Event "*** Titled Tuesday Blitz"]
[Site "Chess.com"]
[Date "2021.03.30"]
[Round "6"]
[White "Harry_Rakkel"]
[Black "Rytenko_V"]
[Result "1-0"]
[WhiteElo "2601"]
[BlackElo "2403"]
[TimeControl "180+1"]
[EndTime "11:05:09 PDT"]
[Termination "Harry_Rakkel won on time"]

1. e4 e6 2. d4 d5 3. Nc3 Bb4 4. e5 Ne7 5. a3 Bxc3+ 6. bxc3 b6 7. Bb5+ c6 8. Bd3 Ba6 9. Qg4 Bxd3 10. cxd3 O-O 11. Nf3 Kh8 12. h4 h6 13. h5 c5 14.
Nh4 Nbc6 15. Rh3 f5 16. Qf4 Kh7 17. a4 Qe8 18. Nf3 cxd4 19. cxd4 Rc8 20. Ba3 Na5 21. Nh4 Rf7 22. Bd6 Rc3 23. g4 fxg4 24. Qxg4 Qf8 25.
Ng6 Nxg6 26. hxg6+ 1-0

[Event "*** Titled Tuesday Blitz"]
[Site "Chess.com"]
[Date "2021.03.30"]
[Round "6"]
[White "utsavp"]
[Black "LenkaPtacnikova"]
[Result "1-0"]
[WhiteElo "2300"]
[BlackElo "2165"]
[TimeControl "180+1"]
[EndTime "11:05:09 PDT"]
[Termination "utsavp won by checkmate"]

1. e4 c5 2. Nf3 e6 3. b3 d5 4. exd5 Qxd5 5. Bb5+ Nc6 6. O-O a6 7. Nc3 Qd6 8. Bxc6+ Qxc6 9. Bb2 Nf6 10. d4 cxd4 11.
Nxd4 Qc7 12. Re1 Bd6 13. h3 Bb4 14. Re3 O-O 15. a3 Bc5 16. Rd3 e5 17. Nde2 Bf5 18. Nd5 Nxd5 19. Rxd5 Rad8 20. Bxe5 Qc8 21. Ng3 Rxd5 22.
Qxd5 Rd8 23. Qc4 b5 24. Qf4 Bxc2 25. Rc1 Bxa3 26. Qg5 Bxc1 27. Qxg7# 1-0

[Event "*** Titled Tuesday Blitz"]
[Site "Chess.com"]
[Date "2021.03.30"]
[Round "6"]
[White "Yaryi_sergey"]
[Black "vovachesss"]
[Result "1-0"]
[WhiteElo "2522"]
[BlackElo "2645"]
[TimeControl "180+1"]
[EndTime "11:05:12 PDT"]
[Termination "Yaryi_sergey won by resignation"]

1. Nf3 Nc6 2. d4 d6 3. d5 Ne5 4. Nxe5 dxe5 5. g3 Nf6 6. Bg2 e6 7. c4 exd5 8. cxd5 Bb4+ 9. Nc3 O-O 10. O-O Bxc3 11. bxc3 Bf5 12. Qb3 Be4 13. Ba3 Re8 14. Rfd1 Bxg2 15. Kxg2 b6 16. c4 Qd7 17. c5 e4 18. c6 Qg4 19. Qe3 Rad8 20. d6 cxd6 21. Rxd6 Nd5 22. Qd2 e3 23. Qxd5 Rxd6 24. Bxd6 exf2 25.
Rf1 h5 26. Rxf2 Rxe2 27. Qxf7+ Kh7 28. Qf3 Rxf2+ 29. Qxf2 Qe4+ 30. Kf1 Qd3+ 31. Qe2 Qxd6 32. Qc2+ g6 33. c7 Qf6+ 34. Kg2 Qc6+ 35. Qxc6 1-0

[Event "*** Titled Tuesday Blitz"]
[Site "Chess.com"]
[Date "2021.03.30"]
[Round "6"]
[White "WinnieTPooh"]
[Black "Fortitudine"]
[Result "0-1"]
[WhiteElo "1961"]
[BlackElo "2266"]
[TimeControl "180+1"]
[EndTime "11:05:13 PDT"]
[Termination "Fortitudine won on time"]

1. d4 Nf6 2. c4 c5 3. d5 b5 4.
cxb5 a6 5. bxa6 g6 6. h3 Bg7 7. g4 O-O 8. Bg2 d6 9. Nc3 Bxa6 10. Nf3 Nbd7 11. O-O Ne8 12. Re1 Nc7 13. Bd2 Rb8 14.
b3 Nb5 15. Rc1 Ne5 16. Nxe5 Bxe5 17. Nxb5 Bxb5 18. Bc3 Bxc3 19. Rxc3 Qa5 20. Qc2 Ra8 21. a4 Bd7 22. e4 Rab8 23. Bf1 f6 24. Bc4 Kg7 25. f4 Rh8 26. e5 Qd8 27. Rce3 Re8 28.
Qc3 h6 29. exf6+ exf6 30. Rxe8 Bxe8 31. g5 Bf7 0-1

[Event "*** Titled Tuesday Blitz"]
[Site "Chess.com"]
[Date "2021.03.30"]
[Round "6"]
[White "adriangschnitzer"]
[Black "KNCP_719"]
[Result "0-1"]
[WhiteElo "2491"]
[BlackElo "2633"]
[TimeControl "180+1"]
[EndTime "11:05:14 PDT"]
[Termination "KNCP_719 won by resignation"]

1. e4 Nf6 2. e5 Nd5 3. c4 Nb6 4. d4 d6 5. exd6 cxd6 6. Nc3 g6 7. Be3 Bg7 8. Rc1 O-O 9. b3 e5 10. Nf3 Nc6 11. dxe5 dxe5 12. Qxd8 Rxd8 13. c5 Nd7 14. Bc4 Nf8 15. O-O h6 16. Rfd1 Be6 17. Nd5 Rd7 18.
Rd2 Rad8 19. Rcd1 Nd4 20. Nb4 Bxc4 21. bxc4 Nfe6 22. Nd5 Kh7 23. Bxd4 exd4 24. Kf1 Rc8 25. Rb1 Rxc5 26. Rdb2 b6 27. Rc1 Rdxd5 0-1

[Event "*** Titled Tuesday Blitz"]
[Site "Chess.com"]
[Date "2021.03.30"]
[Round "6"]
[White "carloseduar100"]
[Black "MYMChessAcademy"]
[Result "1-0"]
[WhiteElo "2101"]
[BlackElo "2187"]
[TimeControl "180+1"]
[EndTime "11:05:15 PDT"]
[Termination "carloseduar100 won on time"]

1. e4 c5 2. c3 d6 3. Bd3 e6 4. Nf3 a6 5. O-O b5 6. Bc2 Bb7 7. d4 cxd4 8. cxd4 Be7 9. a3 Nd7 10. Nc3 Ngf6 11. Re1 O-O 12. h3 Rc8 13. Bg5 Nb6 14.
Rc1 Nc4 15. Rb1 Qc7 16. e5 dxe5 17. dxe5 Rfd8 18. Qe2 Nd5 19. Bxe7 Nxe7 20. Bxh7+ Kxh7 21. Ng5+ Kg8 22. Qh5 Ng6 23. Qh7+ Kf8 24. h4 Qc6 25. Nce4 Nd2 26. h5 Nxe4 27. Nxe4 Nxe5 28. Qh8+ Ke7 29.
Qxg7 Rg8 30. Qf6+ Ke8 31. Qxe5 Qd5 32. Nf6+ Ke7 33. Nxd5+ Bxd5 34. Qxd5 Kf8 35. Qb7 Kg7 36. Rbc1 Rb8 37. Qxa6 Ra8 38. Qd6 Rgb8 39. Rc7 Rf8 40. Qxe6 Kg8 41. Qg4+ Kh8 42. h6 Rg8 43. Qd4+ 1-0

[Event "*** Titled Tuesday Blitz"]
[Site "Chess.com"]
[Date "2021.03.30"]
[Round "6"]
[White "kekic76"]
[Black "reniite"]
[Result "0-1"]
[WhiteElo "2372"]
[BlackElo "2026"]
[TimeControl "180+1"]
[EndTime "11:05:16 PDT"]
[Termination "reniite won by checkmate"]

1. e4 e5 2. Nf3 Nc6 3. Bb5 a6 4. Ba4 Nf6 5. O-O Be7 6. Re1 b5 7. Bb3 O-O 8. a4 Rb8 9. axb5 axb5 10. Nc3 d6 11. d3 Bg4 12. h3 Bh5 13. g4 Nxg4 14.
hxg4 Bxg4 15. Be3 Kh8 16. Ra6 f5 17. exf5 Rxf5 18. Rxc6 Bxf3 19. Qxf3 Rxf3 20. Nd5 Qd7 21. Rxc7 Qg4+ 22. Kf1 Rh3 23. f3 Qxf3+ 24. Bf2 Rh1# 0-1

[Event "*** Titled Tuesday Blitz"]
[Site "Chess.com"]
[Date "2021.03.30"]
[Round "6"]
[White "FGHSMN"]
[Black "ChessFunMaker"]
[Result "1-0"]
[WhiteElo "2639"]
[BlackElo "2235"]
[TimeControl "180+1"]
[EndTime "11:05:19 PDT"]
[Termination "FGHSMN won on time"]

1. e4 c5 2. Nf3 d6 3. d4 cxd4 4. Nxd4 Nf6 5. Nc3 a6 6. h3 e6 7. g4 d5 8. Nde2 Nc6 9. Bg2 Nxe4 10. Nxe4 dxe4 11. Qxd8+ Nxd8 12. Bxe4 e5 13. Be3 Be6 14. O-O-O Nc6 15. f4 Be7 16. f5 Bc4 17. Nc3 Kf8 18. b3 Ba3+ 19. Kb1 Bb4 20. Kb2 Na5 21. Bb6 Bb5 22.
Nd5 Bc6 23. Nxb4 Bxe4 24. Rhe1 Bf3 25. Bxa5 Bxd1 26. Rxd1 Ke7 27. Nd5+ Kf8 28. Bb4+ Kg8 29. Ne7+ Kf8 30. Ng6+ Kg8 31. Nxh8 Kxh8 32. Rd7 Re8 33.
Rxb7 Kg8 34. Re7 1-0

[Event "*** Titled Tuesday Blitz"]
[Site "Chess.com"]
[Date "2021.03.30"]
[Round "6"]
[White "niki_2003"]
[Black "Make_it_shine060"]
[Result "0-1"]
[WhiteElo "2031"]
[BlackElo "2203"]
[TimeControl "180+1"]
[EndTime "11:05:21 PDT"]
[Termination "Make_it_shine060 won by resignation"]

1. e4 c5 2. Nf3 d6 3. d4 cxd4 4. Nxd4 Nf6 5. Nc3 Nc6 6. Be3 Ng4 7. Bb5 Nxe3 8. Nxc6 Nxd1 9. Nxd8+ Kxd8 10. Rxd1 a6 11. Ba4 b5 12. Bb3 e6 13. O-O Kc7 14.
Ne2 Bb7 15. f3 Be7 16. Ng3 h5 17. c4 Bf6 18. Rd2 h4 19. Nh1 Bg5 20. Rd3 Rad8 21. Rc3 Kb6 22. cxb5 axb5 23. Nf2 d5 24. Nh3 Be7 25.
exd5 Bxd5 26. Rfc1 Bb4 27. Rc7 Bd2 28. R1c2 Be3+ 29.
Nf2 Bxb3 30. R2c6+ Ka5 0-1

[Event "*** Titled Tuesday Blitz"]
[Site "Chess.com"]
[Date "2021.03.30"]
[Round "6"]
[White "MalyDominator"]
[Black "tsaruk_maks"]
[Result "0-1"]
[WhiteElo "2487"]
[BlackElo "2621"]
[TimeControl "180+1"]
[EndTime "11:05:25 PDT"]
[Termination "tsaruk_maks won by resignation"]

1. e4 e5 2. Nf3 Nc6 3. Bb5 a6 4. Ba4 Nf6 5. O-O b5 6. Bb3 Nxe4 7. d4 d5 8. dxe5 Be6 9. Qe2 Be7 10. Rd1 O-O 11. c4 bxc4 12. Bxc4 Nc5 13. Nc3 d4 14. Bxe6 Nxe6 15. Ne4 Qd5 16. Nc3 Qa5 17. Ne4 Nxe5 18.
Bd2 Qb5 19. Qxb5 Nxf3+ 20. gxf3 axb5 21. a3 c5 22. Rac1 c4 23. f4 f5 24. Ng3 d3 25.
Be3 Bf6 26. Rd2 g6 27. f3 Nd4 28. Rf2 Nc2 29. Bc5 Rfc8 30. Bb6 Bxb2 31. Rb1 Bd4 32. Bxd4 Nxd4 33. Nf1 Rxa3 34. Ne3 c3 35. Nd5 c2 36. Re1 c1=Q 37. Ne7+ Kf7 0-1

[Event "*** Titled Tuesday Blitz"]
[Site "Chess.com"]
[Date "2021.03.30"]
[Round "6"]
[White "VD_coach"]
[Black "katchesskat"]
[Result "1-0"]
[WhiteElo "2484"]
[BlackElo "2314"]
[TimeControl "180+1"]
[EndTime "11:05:28 PDT"]
[Termination "VD_coach won on time"]

1. Nf3 c5 2. g3 e6 3. Bg2 Be7 4.
O-O h5 5. h4 Nf6 6. c4 Qc7 7.
Nc3 a6 8. d4 cxd4 9. Qxd4 Bc5 10. Qd3 Qxg3 11. Na4 Ba7 12. c5 Qc7 13. Be3 Ng4 14. Nb6 Nxe3 15. Nxa8 Qa5 16. Qxe3 Bxc5 17. Qf4 O-O 18. Qxb8 Qb4 19. a3 Qxb2 20. Rac1 d6 21. Rxc5 dxc5 22. Qd6 Qxe2 23. Nc7 b5 24. Qxc5 Bb7 25.
Qe3 Bxf3 26. Bxf3 Qc4 27. Nxa6 Qxh4 28. Kg2 Rd8 29. Rh1 Qf6 30. Rxh5 g6 31. Rxb5 Kg7 32. Qe5 Rd3 33. Qxf6+ Kxf6 34. a4 Ra3 35. a5 Ke7 36. Nc7 f5 37. a6 Kd7 38. Rb7 Kc8 39. a7 1-0

[Event "*** Titled Tuesday Blitz"]
[Site "Chess.com"]
[Date "2021.03.30"]
[Round "6"]
[White "Lyschko"]
[Black "McCarthyStone"]
[Result "0-1"]
[WhiteElo "2236"]
[BlackElo "2421"]
[TimeControl "180+1"]
[EndTime "11:05:29 PDT"]
[Termination "McCarthyStone won on time"]

1. c4 Nc6 2. Nc3 e5 3. Nf3 g6 4.
d4 exd4 5. Nd5 Bg7 6. Bg5 f6 7. Bf4 d6 8. Nxd4 Nge7 9. e3 O-O 10. Be2 Bd7 11. O-O Ne5 12. Rc1 c6 13. Nxe7+ Qxe7 14. Qc2 Nf7 15. c5 d5 16. b4 a6 17. Nb3 Rfe8 18. Bd3 Ne5 19. Be2 f5 20. Na5 Be6 21. Rfd1 Bf7 22. Bg3 h5 23. h4 Ng4 24. Bd6 Qxh4 25.
Bxg4 hxg4 26. Nxb7 Bf6 27. Bg3 Qh6 28. Nd6 Kg7 29. Kf1 Qh1+ 30. Ke2 Qxg2 31. Rg1 Rxe3+ 32. Kxe3 d4+ 33. Kd2 Bg5+ 34. Kd3 Qf3+ 35. Kxd4 Bf6+ 0-1

[Event "*** Titled Tuesday Blitz"]
[Site "Chess.com"]
[Date "2021.03.30"]
[Round "6"]
[White "lukazz029"]
[Black "Eloist"]
[Result "0-1"]
[WhiteElo "2160"]
[BlackElo "2340"]
[TimeControl "180+1"]
[EndTime "11:05:30 PDT"]
[Termination "Eloist won by resignation"]

1. e4 e6 2. d4 d5 3. Nc3 Nf6 4. e5 Nfd7 5. f4 c5 6. Nf3 Nc6 7. Be3 a6 8. Qd2 b5 9. Ne2 b4 10. Ng3 Qb6 11. c3 a5 12. dxc5 Bxc5 13. Bxc5 Nxc5 14. Bd3 O-O 15. Qe2 Nxd3+ 16. Qxd3 Ba6 17. Qd2 bxc3 18. bxc3 Rab8 19. Nd4 Nxd4 20. cxd4 Rfc8 21. Kf2 Qb2 22. Qxb2 Rxb2+ 23. Kf3 Rc3+ 24. Kg4 Bd3 25. Rhg1 h6 26. a4 Rcc2 27. Rac1 Rxg2 28. Rxg2 Rxg2 29.
Rc8+ Kh7 30. Rc7 Kg6 31. Kh3 Ra2 32. Ra7 Rxa4 33. Kg4 Ra2 34. h4 h5+ 35. Kf3 a4 36. f5+ Bxf5 37. Nf1 Be4+ 38. Kf4 Rf2+ 0-1

[Event "*** Titled Tuesday Blitz"]
[Site "Chess.com"]
[Date "2021.03.30"]
[Round "6"]
[White "lucachess49"]
[Black "eljanov"]
[Result "0-1"]
[WhiteElo "2433"]
[BlackElo "2844"]
[TimeControl "180+1"]
[EndTime "11:05:33 PDT"]
[Termination "eljanov won by resignation"]

1. d4 Nf6 2. c4 c5 3. d5 b5 4. cxb5 a6 5. bxa6 g6 6. Nc3 Bg7 7. Nf3 O-O 8. e4 Qa5 9. Nd2 Bxa6 10.
Bxa6 Qxa6 11. a4 d6 12. Qe2 Qxe2+ 13. Kxe2 Na6 14. f3 Rfb8 15. Ra3 Nd7 16. Nc4 Nb6 17.
Nxb6 Rxb6 18. Nb5 Nb4 19. Kd2 c4 20. Rf1 e6 21. dxe6 fxe6 22. f4 d5 23. e5 Bf8 24.
Nd4 Nc6 25. a5 Rba6 26. Nxc6 Bxa3 27. b4 Bxc1+ 28. Rxc1 Rxc6 29. Ra1 c3+ 30. Kc2 d4 31. b5 Rc5 32. b6 Rcxa5 33. Rxa5 Rxa5 34. b7 Rb5 0-1

[Event "*** Titled Tuesday Blitz"]
[Site "Chess.com"]
[Date "2021.03.30"]
[Round "6"]
[White "InitiatingASC"]
[Black "MasterMK73"]
[Result "1-0"]
[WhiteElo "2439"]
[BlackElo "2267"]
[TimeControl "180+1"]
[EndTime "11:05:33 PDT"]
[Termination "InitiatingASC won by resignation"]

1. d4 d5 2. c4 e6 3. Nc3 Nf6 4. Nf3 c6 5. e3 Nbd7 6. Bd3 dxc4 7. Bxc4 b5 8. Bd3 Bd6 9. O-O O-O 10. e4 e5 11. Bg5 Qe7 12. Rc1 exd4 13. Ne2 c5 14.
Bxb5 Qxe4 15. b4 Rb8 16. bxc5 Bxc5 17. Bd3 Qd5 18. Nf4 Qd6 19. Qc2 Ba6 20. Rfd1 Bxd3 21.
Nxd3 Bb6 22. Bf4 Qe6 23. Bxb8 Rxb8 24. Nf4 Qg4 25. Ne2 Re8 26. Nexd4 Ne4 27. Re1 Ndf6 28.
Qc6 h6 29. a4 Nh5 30. Qxe8+ Kh7 31. Qxe4+ Qxe4 32. Rxe4 1-0

[Event "*** Titled Tuesday Blitz"]
[Site "Chess.com"]
[Date "2021.03.30"]
[Round "6"]
[White "seorobert1971"]
[Black "ChristopherYoo"]
[Result "1/2-1/2"]
[WhiteElo "2740"]
[BlackElo "2918"]
[TimeControl "180+1"]
[EndTime "11:05:34 PDT"]
[Termination "Game drawn by repetition"]

1. Nf3 Nf6 2. d4 e6 3. c4 d5 4. Nc3 dxc4 5. e3 a6 6. Bxc4 b5 7. Bb3 Bb7 8. O-O c5 9. dxc5 Qxd1 10. Rxd1 Nbd7 11. c6 Bxc6 12. Nd4 Bb7 13. a4 b4 14. Nb1 Nc5 15. Bc4 Be7 16. Nd2 O-O 17. b3 Ng4 18. N2f3 Ne4 19. Rf1 Bf6 20. h3 Ne5 21. Nxe5 Bxe5 22. Bb2 Rac8 23. Rfc1 Nd2 24. a5 Nxc4 25. bxc4 Rc7 26. Nxe6 Bxb2 27. Nxc7 Bxa1 28. Rxa1 Rc8 29. Nd5 Rxc4 30. Nb6 Rc3 31. Rb1 b3 32. Na4 Rc4 33. Rxb3 Rxa4 34. Rxb7 g6 35. g4 Rxa5 36. Kg2 Ra2 37. Ra7 Kg7 38. g5 a5 39. h4 a4 40. Ra8 a3 41. Kg3 Ra1 42. Kg2 Ra2 43. Kg3 Ra1 44. Kg2 Ra2 1/2-1/2

[Event "*** Titled Tuesday Blitz"]
[Site "Chess.com"]
[Date "2021.03.30"]
[Round "6"]
[White "guillembaches"]
[Black "andy_rekt"]
[Result "1-0"]
[WhiteElo "2471"]
[BlackElo "2298"]
[TimeControl "180+1"]
[EndTime "11:05:36 PDT"]
[Termination "guillembaches won on time"]

1. e4 e6 2. d4 d5 3. exd5 exd5 4. Nf3 Nc6 5. Bb5 Bd6 6. c4 a6 7. Ba4 dxc4 8. d5 b5 9. dxc6 bxa4 10. O-O Ne7 11.
Qxa4 Be6 12. Nbd2 c3 13. bxc3 O-O 14. Nc4 Bc5 15. Rd1 Qb8 16. Ba3 Bxc4 17. Bxc5 Bb5 18. Qh4 Ng6 19. Qh5 Re8 20. Ng5 h6 21. Nxf7 Nf4 22.
Nxh6+ Kh7 23. Qf5+ Ng6 24. Nf7 Be2 25. Rd4 Qb2 26.
Rh4+ Kg8 27. Nh6+ 1-0

[Event "*** Titled Tuesday Blitz"]
[Site "Chess.com"]
[Date "2021.03.30"]
[Round "6"]
[White "KrolPawel92OnTwitch"]
[Black "superchess02"]
[Result "0-1"]
[WhiteElo "2621"]
[BlackElo "2813"]
[TimeControl "180+1"]
[EndTime "11:05:37 PDT"]
[Termination "superchess02 won by resignation"]

1. e4 a6 2. d4 b5 3. Bd3 Bb7 4. Ne2 e6 5. O-O c5 6. c3 Nf6 7. e5 Nd5 8. f4 Nc6 9. f5 cxd4 10. cxd4 Qb6 11. Kh1 O-O-O 12. Nbc3 Nxd4 13. Nxd5 Bxd5 14. Be3 Qb7 15. Nxd4 Bxg2+ 16. Kg1 Bxf1 17. Qxf1 Kb8 18. a4 Bc5 19. axb5 Qd5 20. Qf2 a5 21. Bf1 Bb6 22.
Bg2 Qc4 23. Rc1 Qb4 24. Nc6+ dxc6 25. Bxb6 Rd2 26. Ba7+ Kc8 27. Rxc6+ Kd7 28. Rc7+ Kd8 29.
Bb6 Rxf2 30. Rc4+ Ke7 31. Bc5+ Qxc5 32. Rxc5 Rxb2 33. Rc7+ Kd8 34. f6 Kxc7 0-1

[Event "*** Titled Tuesday Blitz"]
[Site "Chess.com"]
[Date "2021.03.30"]
[Round "6"]
[White "woodhy"]
[Black "VladimirBugayev"]
[Result "1-0"]
[WhiteElo "2450"]
[BlackElo "2289"]
[TimeControl "180+1"]
[EndTime "11:05:37 PDT"]
[Termination "woodhy won on time"]

1. e4 c6 2. Nc3 d5 3. Nf3 dxe4 4. Nxe4 Nf6 5. Ng3 h5 6. h4 g6 7. d4 Bg4 8. Be2 Bg7 9. Be3 Nd5 10. Qd2 Nxe3 11.
fxe3 Qd6 12. Ne4 Qc7 13. O-O-O Nd7 14. Nfg5 Bf5 15. Rdf1 Rd8 16. Bc4 e6 17. Nxf7 Kxf7 18. Ng5+ Ke7 19. e4 Ne5 20. Qb4+ c5 21. dxc5 Nxc4 22.
Qxc4 Qe5 23. Qb4 Rd4 24. Qa3 1-0

[Event "*** Titled Tuesday Blitz"]
[Site "Chess.com"]
[Date "2021.03.30"]
[Round "6"]
[White "Smile2005"]
[Black "Magila31"]
[Result "1-0"]
[WhiteElo "2445"]
[BlackElo "2281"]
[TimeControl "180+1"]
[EndTime "11:05:37 PDT"]
[Termination "Smile2005 won by resignation"]

1. Nf3 g6 2. d4 Bg7 3. c4 c5 4. e3 Nf6 5. b3 O-O 6. Bb2 cxd4 7. exd4 d5 8. Be2 Nc6 9. O-O Ne4 10. cxd5 Qxd5 11.
Bc4 Qd7 12. Re1 Nd6 13. Ne5 Nxe5 14. dxe5 Nxc4 15. bxc4 Qxd1 16. Rxd1 Be6 17. Nd2 Rfd8 18. f4 Bg4 19. Nf3 Bxf3 20. gxf3 e6 21. Ba3 Bh6 22. Be7 Rdc8 23. Rd4 Bf8 24. Bxf8 Kxf8 25. Rad1 Rc7 26.
Kf2 Rac8 27. Rd8+ Rxd8 28. Rxd8+ Ke7 29. Rb8 Kd7 30. Kg3 Kc6 31. Rh8 h5 32. Kh4 Kc5 33. Kg5 Kxc4 34. Kf6 b5 35. Rf8 a5 36. Rxf7 Rc6 37.
Re7 b4 38. Rxe6 Rxe6+ 39. Kxe6 a4 40. Kf7 b3 41. axb3+ axb3 42. e6 b2 43. e7 b1=Q 44. e8=Q Qf5+ 45. Kg7 Qxf4 46. Qa4+ 1-0

[Event "*** Titled Tuesday Blitz"]
[Site "Chess.com"]
[Date "2021.03.30"]
[Round "6"]
[White "szachuspl"]
[Black "kakorrhaphiophobie"]
[Result "1-0"]
[WhiteElo "2542"]
[BlackElo "2341"]
[TimeControl "180+1"]
[EndTime "11:05:38 PDT"]
[Termination "szachuspl won on time"]

1. d4 f5 2. h3 Nf6 3. g4 d5 4. g5 Ne4 5. Nf3 e6 6. Bf4 c5 7. e3 Nc6 8. c3 Bd6 9. Bxd6 Qxd6 10. Nbd2 Bd7 11. h4 e5 12. dxe5 Nxe5 13. Nxe5 Qxe5 14. Nf3 Qe6 15. Be2 Bc6 16. Qc2 O-O-O 17. b4 f4 18. bxc5 fxe3 19. fxe3 Ng3 20. Rh2 Qxe3 21.
Qd2 Qxc5 22. Nd4 Rde8 23. O-O-O Ne4 24. Qc2 Nxc3 25. Rd3 Nxe2+ 26. Rxe2 Qxc2+ 27. Rxc2 Kd7 28. Rf2 Rhf8 29. Rdf3 Rxf3 30. Rxf3 g6 31. Kd2 Kd6 32. Rf6+ Kc5 33. Ne6+ Kc4 34. Rf4+ d4 35. Rxd4+ Kb5 36.
Nc7+ Kc5 37. Nxe8 Kxd4 38. Nf6 Kc4 39. Nxh7 Kb4 40. Nf6 Ka3 41. h5 gxh5 42. g6 Bb5 43.
Kc3 1-0

[Event "*** Titled Tuesday Blitz"]
[Site "Chess.com"]
[Date "2021.03.30"]
[Round "6"]
[White "Sergey85Rodchenkov"]
[Black "Reader777"]
[Result "0-1"]
[WhiteElo "2522"]
[BlackElo "2716"]
[TimeControl "180+1"]
[EndTime "11:05:41 PDT"]
[Termination "Reader777 won on time"]

1. e4 c5 2. Nf3 d6 3. d4 cxd4 4.
Nxd4 Nf6 5. Nc3 a6 6. Bc4 e6 7. Bb3 b5 8. O-O Be7 9. f4 Qc7 10. f5 e5 11. Nde2 Bb7 12. Bg5 Nbd7 13. Bxf6 Nxf6 14. Ng3 Rc8 15. Nh5 O-O 16. Nxf6+ Bxf6 17. Bd5 Bxd5 18. Nxd5 Qxc2 19. Qg4 Kh8 20. Rf3 Qxb2 21. Raf1 Qd2 22. Rg3 Rg8 23. Qh5 g6 24. fxg6 fxg6 25.
Qg4 Bg7 26. Ne7 Rgf8 27. Nxc8 Qd4+ 0-1

[Event "*** Titled Tuesday Blitz"]
[Site "Chess.com"]
[Date "2021.03.30"]
[Round "6"]
[White "LawrenceTrent"]
[Black "Taktikmonster"]
[Result "1-0"]
[WhiteElo "2562"]
[BlackElo "2370"]
[TimeControl "180+1"]
[EndTime "11:05:41 PDT"]
[Termination "LawrenceTrent won by checkmate"]

1. e4 c5 2. b3 Nc6 3. Bb2 e6 4. Bb5 d5 5. Nf3 Nf6 6. exd5 exd5 7. O-O Be7 8. d4 cxd4 9. Nxd4 Bd7 10. Bxc6 bxc6 11.
Qf3 Bg4 12. Qd3 Qd7 13. Re1 O-O 14. Nxc6 Bd6 15. Ne5 Bxe5 16. Bxe5 Bf5 17. Qd2 Ne4 18.
Qd4 f6 19. Bf4 Rac8 20. Nd2 Nxd2 21. Bxd2 Rxc2 22. Bb4 Rfc8 23. h3 Qf7 24. Re3 Rc1+ 25. Rxc1 Rxc1+ 26. Kh2 h5 27. Rg3 Rc2 28. a4 Be4 29. h4 Qc7 30. Bd2 Qe5 31. Qxa7 Rxd2 32. Qxg7# 1-0